cohdb
Replays
Latest Replays
All Replays
Popular Replays
Top Player Replays
Match Explorer
How It Works
Community
CoH3 Stats
Reddit
Sign in to upload your games and track your stats! →
Sign in with Steam
Match 41868164
Unlisted
Match 41868164
Overview
Messages
Build Orders
End
Kradschützen Motorcycle Team
250 Light Carrier
250 Light Carrier
Construct Light Support Kompanie
Combat Half-tracks
Panzerpioneer Squad
Advanced Field Repairs
Fire Support Elements
Selects Armored Support Battlegroup
Selects Veteran Gunners
Flakvierling Half-track
Pak 38 Anti-tank Gun Team
Vehicle Survival Package
Pak 38 Mechanized Group
Panzerpioneer Squad
Construct Panzerarmee Kommand
Panzer III L Medium Tank
Emergency Repair Kits
Panzer III L Medium Tank
Selects Flammpanzer III Medium Tank
Panzer III L Medium Tank
Kradschützen Motorcycle Team
Armored Reserves
Rapid Advance
Tungsten Core Ammunition
Tiger Heavy Tank
Selects Command Panzer IV F Medium Tank
Selects Vehicle Awareness
Selects Panzer Storm
Command Panzer IV F Medium Tank
Advanced Optics
Panzer Storm
Selects Stuka Anti-tank Loiter
Stuka Anti-tank Loiter
Panzer IV Assault Group
Panzer Storm
Panzer III L Medium Tank
777
Wehearvoices
快放我出去吃人
soul123dark
[82AD] PaulVmax
Belfegor ๏̯͡๏
Computer - Hard
FloppyBob
0
0
Comments
sign in to comment!
No comments posted yet!